 Dungeon Crawl Stone Soup version 0.27-a0-808-g60bc5d92e6 (webtiles) character file.

Game seed: 2813664918325516524

9957 sizableburger the Geomancer (level 11, -3/60 HPs)
             Began as a Deep Elf Earth Elementalist on Mar 28, 2021.
             Was a Priest of Dithmenos.
             Hit by a large rock thrown by a cyclops (28 damage)
             ... on level 11 of the Dungeon.
             The game lasted 00:48:36 (14056 turns).

sizableburger the Geomancer (DEEE)                 Turns: 14056, Time: 00:48:36

Health: -3/60      AC:  9    Str:  5    XL:     11   Next: 29%
Magic:  15/23      EV: 13    Int: 24    God:    Dithmenos [***...]
Gold:   120        SH:  0    Dex: 15    Spells: 6/24 levels left

rFire    . . .     SeeInvis .   F - +5 dagger (venom)
rCold    + . .     Faith    .   (no shield)
rNeg     + . .     Spirit   .   s - +0 troll leather armour
rPois    +         Reflect  .   f - +1 helmet
rElec    .         Harm     .   (no cloak)
rCorr    .         Rampage  .   y - +0 pair of gloves
Will     +....     Rnd*Rage +   h - +0 pair of boots
Stlth    ++++......             g - amulet of magic regeneration
HPRegen  1.20/turn              k - ring of protection from cold
MPRegen  0.43/turn              u - ring of positive energy

@: wreathed by umbra
A: talons 1, berserk 1, poison resistance
a: Renounce Religion, Shadow Step


You were on level 11 of the Dungeon.
You worshipped Dithmenos.
Dithmenos was most pleased with you.
You visited 2 branches of the dungeon, and saw 12 of its levels.

You collected 498 gold pieces.
You spent 378 gold pieces at shops.

Inventory:

Hand Weapons
 F - a +5 dagger of venom (weapon)
Missiles
 b - 165 stones
 d - 2 throwing nets
Armour
 c - a +0 robe
 f - a +1 helmet (worn)
 h - a +0 pair of boots (worn)
 l - a +1 robe of cold resistance
 s - a +0 troll leather armour (worn)
 y - a +0 pair of gloves (worn)
 z - +0 acid dragon scales
 A - a +0 buckler of resistance
Jewellery
 e - a ring of positive energy
 g - an amulet of magic regeneration (around neck)
 k - a ring of protection from cold (left hand)
 u - a ring of positive energy (right hand)
 x - a ring of flight
 B - a ring of fire
Wands
 o - a wand of digging (1)
 D - a wand of flame (14)
 E - a wand of random effects (13)
Scrolls
 a - 2 scrolls of teleportation
 m - 2 scrolls of amnesia
 p - 2 scrolls of noise
 t - a scroll of fog
 v - 2 scrolls of blinking
 H - a scroll of holy word {unknown}
Potions
 i - 2 potions of ambrosia
 j - a potion of magic
 n - a potion of flight
 q - a potion of lignification
 r - a potion of curing
 w - a potion of haste
 C - a potion of experience {unknown}
 G - a potion of cancellation {unknown}


   Skills:
 - Level 3.3 Fighting
 - Level 7.5 Short Blades
 + Level 4.0 Armour
 - Level 4.5 Dodging
 - Level 5.0 Stealth
 - Level 4.0 Shields
 - Level 7.3 Spellcasting
 - Level 4.0 Conjurations
 - Level 7.3 Transmutations
 + Level 10.0 Earth Magic
 - Level 3.5 Invocations


You had 6 spell levels left.
You knew the following spells:

 Your Spells              Type           Power      Damage    Failure   Level
a - Sandblast             Erth           100%       2d20      1%          1
b - Stone Arrow           Conj/Erth      84%        3d12      1%          3
c - Petrify               Tmut/Erth      50%        N/A       3%          4
d - Passwall              Tmut/Erth      41%        N/A       1%          2
e - Lee's Rapid Deconstr  Erth           27%        3d15*     4%          5
f - Conjure Flame         Conj/Fire      18%        6-21      14%         3

Your spell library contained the following spells:

 Spells                   Type           Power      Damage    Failure   Level
 Foxfire                  Conj/Fire      72%        2x1d7     4%          1
 Inner Flame              Hex/Fire       8%         N/A       32%         3
 Sticky Flame             Conj/Fire      18%        2d4       43%         4
 Fireball                 Conj/Fire      9%         3d6       80%         5


Dungeon Overview and Level Annotations

Branches:
Dungeon (11/15)            Temple (1/1) D:4             Orc (0/2) D:9
   Lair: D:8-11

Altars:
Ashenzari
Cheibriados
Dithmenos
Elyvilon
Fedhas
Gozag
Hepliaklqana
Kikubaaqudgha
Makhleb
Nemelex Xobeh
Okawaru
Qazlal
Ru
Sif Muna
Trog
Uskayaw
Vehumet
Wu Jian
Xom
Yredelemnul
Zin
The Shining One

Shops:
D:1 :   D:2 [[(*(

Annotations:
D:8 2 transporters, Zenkrye's ghost, novice PaFi


Innate Abilities, Weirdness & Mutations

You have sharp toenails.
You tend to lose your temper in combat.
Your system is resistant to poisons. (rPois)


Message History

Aiming: Stone Arrow (safe; 1% risk of failure)
Press: ? - help, Shift-Dir - straight line, f/p - centaur
Aim: a centaur, quivering arrows (lightly wounded, umbra, 15% to evade)
The stone arrow hits the centaur!!
You kill the centaur!
Dithmenos accepts your kill.
The centaur unwields a +0 shortbow.
The centaur misses you.
The centaur kicks you but does no damage.
The centaur wields a +0 shortbow.
The centaur shoots an arrow.
The arrow hits you!
Your Armour skill increases to level 4!
Your Earth Magic skill increases to level 10!
Casting: Stone Arrow (safe; 1% risk of failure)
Confirm with . or Enter, or press ? or * to list all spells.
Aiming: Stone Arrow (safe; 1% risk of failure)
Press: ? - help, Shift-Dir - straight line, f - centaur
Aim: a centaur, wielding a +0 shortbow and quivering arrows (umbra, 15% to evade)
The stone arrow hits the centaur!
The centaur is moderately wounded.
You hear the crackling of a distant melting archway.
The centaur hits you but does no damage.
The centaur barely misses you.
As you read the scroll of teleportation, it crumbles to dust.
You feel strangely unstable. The centaur closely misses you. x2
The centaur unwields a +0 shortbow.
The centaur hits you.
The centaur kicks you but does no damage.
The centaur closely misses you.
The centaur kicks you but does no damage.
Blink to where?
Press: ? - help, Dir - move target, p - centaur
As you read the scroll of blinking, it crumbles to dust.
The centaur wields a +0 shortbow.
The centaur shoots an arrow.
The arrow hits you.
The centaur wields a +0 shortbow.
The centaur shoots an arrow.
The arrow hits you.
The centaur shoots an arrow.
The arrow hits you.
Your surroundings suddenly seem different.
A cyclops comes into view.
The cyclops shouts!
The cyclops throws a large rock.
The large rock hits you!!
You die...

...........))...Y).....#
..........#.###c#)......
..#......##.# #.#.....c.
..#......##.# #.........
#.....<..#..# #####.....
..)........########.....
......#.....#.....#.....
.........†.........##...
................@.......
....................###.
>........|..........#
....................#
..............C.....#
.....................
.....#.....#.....###.
.##.######...##.. .#


You could see a cyclops.

Vanquished Creatures
  Harold (D:10)
  A boulder beetle (D:11)
  A hydra (D:11)
  A two-headed ogre (D:10)
  Sonja (D:10)
  An ugly thing (D:10)
  Psyche (D:8)
  A troll (D:10)
  Sigmund (D:3)
  2 shadows
  A wraith (D:10)
  8 yaks
  2 wargs (D:9)
  An acid dragon (D:11)
  2 water moccasins
  3 orc warriors
  An ice beast (D:6)
  3 ogres
  8 centaurs
  2 kobold brigands
  3 bullfrogs (D:6)
  3 scorpions (D:6)
  7 killer bees
  3 bullfrog zombies
  7 centaur zombies
  4 hounds
  A bullfrog skeleton (D:5)
  7 orc priests
  2 jellies
  3 iguanas (D:5)
  4 orc wizards
  2 hound zombies (D:4)
  A hound skeleton (D:4)
  3 howler monkey zombies
  2 gnolls
  A river rat (D:5)
  8 adders
  A shadow imp (D:5)
  4 white imps
  An ufetubus (D:4)
  An adder zombie (D:4)
  3 dart slugs
  37 orcs
  7 endoplasms
  6 giant cockroaches
  8 goblins
  8 hobgoblins
  2 jackals (D:1)
  7 quokkas
  7 ball pythons
  3 bats (D:3)
  2 frilled lizards
  14 kobolds
  7 rats
221 creatures vanquished.

Notes
Turn   | Place    | Note
-------+----------+-------------------------------------------
     0 | D:1      | sizableburger the Deep Elf Earth Elementalist began the
                  | quest for the Orb.
     0 | D:1      | Reached XP level 1. HP: 10/10 MP: 6/6
   271 | D:1      | Reached XP level 2. HP: 15/15 MP: 6/8
  1033 | D:1      | Found Juofokho's Book Shoppe.
  1216 | D:2      | Found Ysmeatekha's Assorted Antiques.
  1258 | D:2      | Reached XP level 3. HP: 16/20 MP: 6/10
  1262 | D:2      | Learned a level 3 spell: Stone Arrow
  1311 | D:2      | Found Ecwehy's Antique Weapon Emporium.
  1497 | D:2      | Found Zaexuz's Antique Weapon Boutique.
  1565 | D:2      | Found Queliry's Armour Boutique.
  1805 | D:2      | Found Inluni's Antique Armour Shop.
  1998 | D:2      | Found an iron altar of Okawaru.
  2153 | D:2      | Reached skill level 1 in Short Blades
  2500 | D:1      | Reached skill level 4 in Earth Magic
  2890 | D:3      | Reached skill level 1 in Conjurations
  2947 | D:3      | Noticed Sigmund
  3123 | D:3      | Reached XP level 4. HP: 24/24 MP: 10/12
  3174 | D:3      | Found a shimmering altar of Xom.
  3316 | D:3      | Learned a level 4 spell: Petrify
  3647 | D:4      | Noticed an ogre
  3653 | D:4      | Killed an ogre
  3654 | D:4      | Reached XP level 5. HP: 28/28 MP: 1/13
  3704 | D:4      | Noticed an ogre
  3708 | D:4      | Killed an ogre
  3754 | D:4      | Learned a level 2 spell: Passwall
  3802 | D:4      | Reached XP level 6. HP: 33/33 MP: 12/14
  4012 | D:4      | Found a staircase to the Ecumenical Temple.
  4020 | Temple   | Entered the Ecumenical Temple
  4082 | Temple   | Became a worshipper of Dithmenos the Shadowed
  4193 | D:3      | Found a sparkling altar of Nemelex Xobeh.
  4239 | D:3      | Killed Sigmund
  4393 | D:4      | Reached XP level 7. HP: 37/37 MP: 10/15
  4431 | D:4      | Found a basalt altar of Yredelemnul.
  4641 | D:5      | Entered Level 5 of the Dungeon
  5111 | D:5      | Found an opulent altar of Gozag.
  5188 | D:5      | Found a hide-covered altar of Uskayaw.
  5442 | D:5      | Found a radiant altar of Vehumet.
  5470 | D:5      | Found a glowing silver altar of Zin.
  5870 | D:5      | Reached * piety under Dithmenos
  5927 | D:5      | Reached skill level 5 in Earth Magic
  5997 | D:5      | Found a snail-covered altar of Cheibriados.
  6122 | D:6      | Reached XP level 8. HP: 42/42 MP: 12/16
  6124 | D:6      | Reached skill level 5 in Short Blades
  6124 | D:6      | Reached skill level 5 in Stealth
  6146 | D:6      | Reached skill level 5 in Spellcasting
  6246 | D:6      | Learned a level 5 spell: Lee's Rapid Deconstruction
  6673 | D:6      | Reached skill level 6 in Earth Magic
  7362 | D:6      | Found a snail-covered altar of Cheibriados.
  7502 | D:6      | Reached skill level 5 in Transmutations
  7502 | D:6      | Reached XP level 9. HP: 46/46 MP: 8/21
  8069 | D:7      | Found a white marble altar of Elyvilon.
  8261 | D:7      | Reached skill level 1 in Fighting
  8557 | D:8      | Noticed Psyche
  8565 | D:8      | Killed Psyche
  8637 | D:8      | Reached ** piety under Dithmenos
  8696 | D:8      | Found a transporter.
  8885 | D:8      | Found a transporter.
  8888 | D:8      | Noticed Zenkrye's ghost (novice PaFi)
  9136 | D:8      | Reached skill level 7 in Earth Magic
 10617 | D:9      | Found a staircase to the Orcish Mines.
 10884 | D:9      | Reached XP level 10. HP: 50/55 MP: 13/22
 10936 | D:9      | Reached *** piety under Dithmenos
 12251 | D:2      | Bought a +0 buckler of resistance for 378 gold pieces
 12500 | D:10     | Entered Level 10 of the Dungeon
 12513 | D:10     | Noticed Harold
 12563 | D:10     | Gained mutation: Your system is resistant to poisons.
                  | (rPois) [potion of mutation]
 12563 | D:10     | Gained mutation: You tend to lose your temper in combat.
                  | [potion of mutation]
 12563 | D:10     | Gained mutation: You have sharp toenails. [potion of
                  | mutation]
 12566 | D:10     | Killed Harold
 12567 | D:10     | Reached skill level 1 in Shields
 12567 | D:10     | Reached skill level 8 in Earth Magic
 12861 | D:10     | Learned a level 3 spell: Conjure Flame
 13112 | D:10     | Noticed a two-headed ogre
 13120 | D:10     | Killed a two-headed ogre
 13121 | D:10     | Reached skill level 1 in Armour
 13284 | D:10     | Found an opulent altar of Gozag.
 13400 | D:10     | Noticed Sonja
 13406 | D:10     | Killed Sonja
 13407 | D:10     | Reached skill level 9 in Earth Magic
 13562 | D:10     | Noticed a purple ugly thing
 13571 | D:10     | Killed a purple ugly thing
 13814 | D:11     | Reached XP level 11. HP: 47/60 MP: 13/23
 13878 | D:11     | Noticed a boulder beetle
 13890 | D:11     | Killed a boulder beetle
 14036 | D:11     | Noticed a five-headed hydra
 14044 | D:11     | Killed a five-headed hydra
 14051 | D:11     | Reached skill level 10 in Earth Magic
 14056 | D:11     | Hit by a large rock thrown by a cyclops

Illustrated notes

Levels and vault maps discovered:
D:1:      dpeg_arrival_tiny_i, layout_loops_ring, serial_shops, shop
D:2:      layout_loops_ring, nicolae_overflow_hidden_temple, serial_shops,
          nicolae_shop_crystal, nicolae_shop_crystal, shop_fountains,
          nicolae_shop_statue_plus, nicolae_shop_statue_plus
D:3:      layout_rooms, tgw_xom, serial_corexii_hall, chequers_hall_statues_y,
          chequers_hall_statues_corner_a, nemelex_xobeh_ov_fountains_minmay,
          uniq_sigmund
D:4:      layout_rooms, nicolae_yredelemnul_corpse_copse,
          minmay_temple_entry_trees, minivault_24, chequers_mini_garden,
          nrook_campfire, chequers_jeans, minmay_misc_feat_rugged
D:5:      layout_loops_cross, pdpol_temple_overflow_zin_treasury_gozag_greed,
          kennysheep_mini_moat, nicolae_uskayaw_murder_on_the_dancefloor,
          general_overflow_altar, gup_sewer_entry_bubbles
D:6:      layout_loops_ring, kennysheep_slug_shrine
D:7:      layout_rooms, elyvilon_altar_1, serial_aquarium,
          aquarium_bridge_long_joined [aquarium_subvault_bridge,
          aquarium_subvault_wall, aquarium_subvault_bridge,
          aquarium_subvault_bridge, aquarium_subvault_bridge,
          aquarium_subvault_window], aquarium_bridge_square
          [aquarium_subvault_bridge, aquarium_subvault_wall,
          aquarium_subvault_bridge, aquarium_subvault_window],
          aquarium_window_1, aquarium_window_1, aquarium_window_corner,
          aquarium_view_2e, aquarium_view_2c, due_unseen_surprise
D:8:      layout_cave_pods, gammafunk_ghost_mausoleum, st_stairs_6,
          amcnicky_mini_pool_small, uniq_psyche
D:9:      layout_basic, erik_orc_4
D:10:     layout_loops_ring, nicolae_gozag_seed_capital, uniq_harold, uniq_sonja
D:11:     layout_rooms, lair_entry_dummy, portal_ice_cave_entry_ice_beasts
Temple:   cyrus_circular_temple

Skill      XL: |  1  2  3  4  5  6  7  8  9 10 11 |
---------------+----------------------------------+-----
Short Blades   | 1 2 3 4 6 7 |  7.5
Earth Magic    | 4 5 6 7 9 10 | 10.0
Conjurations   | 1 2 3 4 |  4.0
Spellcasting   | 4 6 7 |  7.3
Transmutations | 2 3 4 5 7 |  7.3
Stealth        | 4 5 |  5.0
Dodging        | 3 4 |  4.5
Fighting       | 2 3 |  3.3
Shields        | 3 4 |  4.0
Invocations    | 3 |  3.5
Armour         | 2 4 |  4.0

Action                   |  1- 3 |  4- 6 |  7- 9 | 10-12 || total
-------------------------+-------+-------+-------+-------++-------
Melee: Dagger            |    62 |    38 |   270 |   107 ||   477
 Cast: Sandblast         |    54 |    30 |    57 |    12 ||   153
       Stone Arrow       |     1 |    10 |    76 |    26 ||   113
       Petrify           |       |     3 |    14 |    26 ||    43
       Lee's Rapid Decon |       |       |    11 |     3 ||    14
       Passwall          |       |       |     2 |     1 ||     3
       Conjure Flame     |       |       |       |     3 ||     3
Evoke: Wand              |       |       |       |     1 ||     1
  Use: Scroll            |     2 |     3 |     7 |    13 ||    25
       Potion            |       |       |     1 |     8 ||     9
 Stab: Sleeping          |     2 |     2 |     4 |       ||     8
       Petrified         |       |     2 |     9 |    24 ||    35
       Petrifying        |       |       |     3 |     4 ||     7
Armor: Robe              |    18 |    12 |    80 |     4 ||   114
       Troll leather arm |       |       |       |    56 ||    56
Dodge: Dodged            |    51 |    27 |   156 |    79 ||   313

Table legend: (Time is in decaauts)
 A = Elapsed time spent in this place.
 B = Non-inter-level travel time spent in this place.
 C = Inter-level travel time spent in this place.
 D = Time resting spent in this place.
 E = Time spent auto-exploring this place.
 F = Levels seen in this place.
 G = Mean time per level.
                   A        B        C        D        E       F      G
               +--------+--------+--------+--------+--------+-----+--------+
         Total |  13969 |  12428 |   1541 |   3419 |   6345 |  12 | 1164.1 |
       Dungeon |  13893 |  12382 |   1511 |   3419 |   6302 |  11 | 1263.0 |
        Temple |     75 |     45 |     30 |      0 |     43 |   1 |   75.0 |
               +--------+--------+--------+--------+--------+-----+--------+

Top non-repeatable levels by time:
     D:9: 1697 daAuts
     D:8: 1691 daAuts
     D:1: 1624 daAuts
     D:6: 1570 daAuts
     D:2: 1566 daAuts
     D:5: 1548 daAuts
    D:10: 1263 daAuts
     D:7: 907 daAuts
     D:4: 885 daAuts
     D:3: 880 daAuts
    D:11: 257 daAuts
  Temple: 75 daAuts
